[Event "Titled Tuesday Blitz June 6 Late 2023"]
[White "KSho99"]
[Black "Hristodoulou, Panagiotis"]
[BlackFideId "4214340"]
[WhiteElo "2193"]
[BlackElo "2272"]
[Result "0-1"]
[Round "2"]
[TimeControl "180+2"]
[Date "2023.06.07"]
[WhiteClock "0:00:01"]
[BlackClock "0:01:21"]
[Board "161"]

1. Nf3 Nf6 2. b3 d5 3. e3 c6 4. Bb2 Bg4 5. h3 Bh5 6. g4 Bg6 7. Ne5 Nbd7 8. Nxg6 hxg6 9. Bg2 e5 10. d3 a5 11. a4 Bb4+ 12. Nd2 Qe7 13. Qe2 Qc5 14. c4 O-O 15. Rc1 d4 16. O-O Rfe8 17. e4 Nf8 18. Rc2 Ne6 19. Nf3 Nf4 20. Qd1 Nh7 21. Bc1 g5 22. Bxf4 gxf4 23. h4 g6 24. g5 Kg7 25. Nh2 f6 26. Qg4 Qe7 27. Nf3 fxg5 28. Nxg5 Nxg5 29. Qxg5 Qxg5 30. hxg5 Bc5 31. Bf3 Rh8 32. Kg2 Rh4 33. Rh1 Rah8 34. Rcc1 Kf7 35. Rxh4 Rxh4 36. Rh1 Rxh1 37. Kxh1 Ke7 38. Kg2 Kd8 39. Bg4 Be7 40. Be6 Bxg5 41. Bf7 Ke7 42. Bxg6 Kd6 43. Bf5 Kc5 0-1


[Site "https://www.chess.com"]

[Event "Titled Tuesday Blitz June 6 Late 2023"]
[White "Estrada Nieto, Julian"]
[Black "Osmonbekov, Talaibek"]
[WhiteFideId "5101018"]
[BlackFideId "2017253"]
[WhiteElo "2161"]
[BlackElo "2135"]
[Result "1-0"]
[Round "2"]
[TimeControl "180+2"]
[Date "2023.06.07"]
[WhiteClock "0:02:10"]
[BlackClock "0:01:23"]
[Board "162"]

1. e4 c5 2. Nf3 d6 3. Bb5+ Nd7 4. d4 cxd4 5. Qxd4 a6 6. Bxd7+ Bxd7 7. Nc3 Rc8 8. a4 Nf6 9. Bg5 e5 10. Qd3 Be7 11. Bxf6 gxf6 12. Nd5 O-O 13. O-O Kh8 14. Rfd1 Be6 15. c3 Rc6 16. Nh4 Rg8 17. Nf5 Bf8 18. Nb4 Rb6 19. a5 Rb5 20. Nxd6 Rxa5 21. Nxf7+ Bxf7 22. Qxd8 Rxa1 23. Rxa1 Bxb4 24. Qxf6+ Rg7 25. cxb4 1-0


[Site "https://www.chess.com"]

[Event "Titled Tuesday Blitz June 6 Late 2023"]
[White "Arias Igual, Alejandro"]
[Black "Nikologorsky, Matfei"]
[WhiteFideId "2254905"]
[BlackFideId "24102474"]
[WhiteElo "2179"]
[BlackElo "2153"]
[Result "1-0"]
[Round "2"]
[TimeControl "180+2"]
[Date "2023.06.07"]
[WhiteClock "0:00:10"]
[BlackClock "0:00:22"]
[Board "163"]

1. e4 c5 2. Nf3 e6 3. g3 d5 4. exd5 exd5 5. d4 Nf6 6. Bg2 Nc6 7. O-O Be7 8. dxc5 O-O 9. Bg5 Qa5 10. Nc3 Qxc5 11. Ne1 d4 12. Bxf6 Bxf6 13. Ne4 Qe7 14. Nd3 Bf5 15. Re1 Rac8 16. Rc1 Rfe8 17. Qf3 Bxe4 18. Rxe4 Qxe4 19. Qxe4 Rxe4 20. Bxe4 b6 21. Re1 Kf8 22. Re2 Nd8 23. Nb4 Ne6 24. Nd5 Be7 25. Bf5 Rc5 26. Bxe6 fxe6 27. Nf4 Kf7 28. Kg2 e5 29. Nd3 Rc7 30. Nxe5+ Kf8 31. Nd3 Bf6 32. f4 h5 33. h3 a5 34. a4 Kf7 35. Kf3 Rc4 36. b3 Rc3 37. g4 hxg4+ 38. hxg4 Kf8 39. g5 Be7 40. Ke4 Bc5 41. Kd5 Kf7 42. f5 Kf8 43. Ke6 Ba3 44. Ne5 Rc7 45. Ng6+ Ke8 46. Kd5+ Kd8 47. Kxd4 Rc5 48. Rf2 Kd7 49. Kd3 Bb2 50. f6 gxf6 51. gxf6 Rd5+ 52. Ke4 Rg5 53. f7 Ba3 54. f8=Q Bxf8 55. Nxf8+ Kc6 56. Rf6+ Kb7 57. Ne6 Rg2 58. Nd4 Rg5 59. Kd3 Rc5 60. Rf5 Rc8 61. Rf7+ Kb8 62. Nb5 Rc5 63. c4 Rh5 64. Nc3 Rh3+ 65. Kd4 Kc8 66. Nd5 Rxb3 67. Rf6 Kb7 68. Rf7+ Kb8 69. Nc3 Rb4 70. Kd5 Kc8 71. Rf6 Kb7 72. Rf7+ Kc8 73. Re7 Kd8 74. Ra7 Kc8 75. Rh7 Kd8 76. Rh4 Kc7 77. Nb5+ Kc8 78. Kc6 Kd8 79. Kxb6 Rxa4 80. Rh8+ Kd7 81. c5 Rc4 82. Rh7+ Kd8 83. c6 a4 84. c7+ Ke8 85. Rh8+ Kd7 86. c8=Q+ Rxc8 87. Rh7+ Ke6 88. Rh6+ Kd5 89. Rh5+ Kc4 90. Nd6+ Kb4 91. Nxc8 a3 92. Rh1 Kb3 93. Nd6 a2 94. Ne4 Kb2 95. Rh2+ Kb3 96. Nc5+ Ka3 97. Rh1 Kb2 98. Nd3+ Kc3 99. Ra1 Kb3 100. Nc1+ Kb2 101. Rxa2+ Kxc1 102. Ra5 Kb2 103. Rb5+ Kc3 104. Kc6 Kc4 105. Rc5+ Kd4 106. Kd6 Ke4 107. Rd5 Ke3 108. Ke6 Ke4 109. Ra5 Kd4 110. Rh5 Kc4 111. Kd6 Kb4 112. Kc6 Kc3 113. Kd5 Kb4 114. Kc6 Kc4 115. Rh4+ Kd3 116. Kc5 Ke3 117. Kd5 Kf3 118. Ke5 Kg3 119. Ra4 Kf2 120. Ra3 Ke2 121. Kd4 Kf2 122. Ke4 Kg2 123. Kf4 Kf2 124. Ra2+ Ke1 125. Kf3 Kd1 126. Ke3 Kc1 127. Kd3 Kb1 128. Rh2 Kc1 129. Rg2 Kb1 130. Kc3 Ka1 131. Kb3 Kb1 132. Rg1# 1-0


[Site "https://www.chess.com"]

[Event "Titled Tuesday Blitz June 6 Late 2023"]
[White "Karas, Marek"]
[Black "Francisco_Ferrari"]
[WhiteFideId "14928558"]
[WhiteElo "2229"]
[BlackElo "2177"]
[Result "1-0"]
[Round "2"]
[TimeControl "180+2"]
[Date "2023.06.07"]
[WhiteClock "0:00:06"]
[BlackClock "0:00:02"]
[Board "164"]

1. d4 Nf6 2. Nf3 e6 3. c4 d5 4. Nc3 Nbd7 5. cxd5 exd5 6. Bg5 Be7 7. e3 O-O 8. Bd3 h6 9. Bh4 c6 10. Qc2 Re8 11. O-O Ne4 12. Bg3 Nxg3 13. hxg3 Nf6 14. Ne5 Bd6 15. f4 c5 16. Qf2 Qb6 17. Na4 Qa5 18. Nxc5 Bxc5 19. dxc5 Qxc5 20. Rac1 Qd6 21. Qc2 Bd7 22. Qc7 Qxc7 23. Rxc7 Bc6 24. Kf2 Rac8 25. Rxc8 Rxc8 26. Rc1 Kf8 27. g4 Re8 28. Nxc6 Nxg4+ 29. Kf3 Rxe3+ 30. Kxg4 bxc6 31. Ba6 g6 32. Rxc6 Kg7 33. Rd6 Re2 34. Kf3 Rxb2 35. Rxd5 Rxa2 36. Rd6 Ra3+ 37. Kf2 h5 38. Be2 h4 39. Bf3 Ra2+ 40. Kg1 a5 41. Ra6 a4 42. Kh2 a3 43. Ra7 Rd2 44. Rxa3 Kf6 45. Kh3 Rd4 46. Kg4 Ke6 47. Ra6+ Ke7 48. Ra7+ Kf8 49. Ra5 Kg7 50. Re5 Kf6 51. Re4 Rd2 52. Kxh4 Kg7 53. Kg3 Kh6 54. Re2 Rd4 55. Re4 Rd2 56. Kh3 f5 57. Re3 Rd4 58. g3 Rd2 59. Re2 Rd3 60. Kg2 Rd4 61. Kf2 Rb4 62. Rd2 Rb3 63. Be2 Rb4 64. Rd6 Re4 65. Bd3 Rb4 66. Bxf5 Rb2+ 67. Kg1 Rb1+ 68. Kh2 Rb2+ 69. Kh3 Rb3 70. Rxg6+ Kh5 71. Rg5+ Kh6 72. Kg4 Rxg3+ 73. Kh4 1-0


[Site "https://www.chess.com"]

[Event "Titled Tuesday Blitz June 6 Late 2023"]
[White "Papayan, Oleg"]
[Black "Marin Masis, Jose Esteban"]
[WhiteFideId "4193911"]
[BlackFideId "6508146"]
[WhiteElo "2167"]
[BlackElo "1838"]
[Result "1-0"]
[Round "2"]
[TimeControl "180+2"]
[Date "2023.06.07"]
[WhiteClock "0:00:21"]
[BlackClock "0:00:05"]
[Board "165"]

1. e4 c5 2. d4 cxd4 3. Qxd4 Nc6 4. Qd3 Nf6 5. Nc3 g6 6. Nf3 d6 7. Be2 Bg7 8. O-O O-O 9. Nd5 Ng4 10. c3 Nge5 11. Nxe5 Nxe5 12. Qg3 Be6 13. f4 Bxd5 14. exd5 Nd7 15. f5 Nf6 16. fxg6 hxg6 17. Bf3 Qb6+ 18. Qf2 Qb5 19. a4 Qa5 20. Rd1 Nd7 21. Bg5 Rfe8 22. b4 Qc7 23. Rac1 Ne5 24. Be2 Nc4 25. Rf1 Rf8 26. Bxc4 Qxc4 27. Bxe7 Qxd5 28. Bxf8 Kxf8 29. Qf3 Qxf3 30. Rxf3 Rc8 31. Rd3 Ke7 32. c4 b6 33. Kf2 a5 34. bxa5 bxa5 35. Rd5 Rc5 36. Rxc5 dxc5 37. Kf3 Bd4 38. Ke4 Ke6 39. Rb1 Bc3 40. Rb6+ Ke7 41. Kd5 Bb4 42. Rb7+ Kf6 43. g4 Kg7 44. g5 Kf8 45. Kd6 Kg7 46. Ke7 Bd2 47. h4 Be1 48. Rb5 Bxh4 49. Rxc5 Be1 50. Rd5 Bb4+ 51. c5 Ba3 52. Ke8 f5 53. c6 f4 54. c7 f3 55. c8=Q f2 56. Qd7+ Kg8 57. Qe6+ Kg7 58. Rd7+ Kh8 59. Qf6+ 1-0


[Site "https://www.chess.com"]

[Event "Titled Tuesday Blitz June 6 Late 2023"]
[White "Djordjevic, Dejan N"]
[Black "Rengifo Blancas, Renzo Jhonathan"]
[WhiteFideId "913316"]
[BlackFideId "3807185"]
[WhiteElo "2261"]
[BlackElo "2085"]
[Result "0-1"]
[Round "2"]
[TimeControl "180+2"]
[Date "2023.06.07"]
[WhiteClock "0:00:01"]
[BlackClock "0:01:10"]
[Board "166"]

1. e4 d6 2. d4 e5 3. Nf3 exd4 4. Nxd4 Nf6 5. Nc3 Be7 6. Be2 O-O 7. O-O c5 8. Nb3 Nc6 9. Be3 Be6 10. f4 Re8 11. h3 Bf8 12. Qd2 Bxb3 13. axb3 Nxe4 14. Nxe4 Rxe4 15. Bf3 Re8 16. Bf2 Qf6 17. c3 a6 18. Qd3 Qxf4 19. Bd5 Ne5 20. Qd1 Qg5 21. Bxb7 Rab8 22. Bd5 Ng6 23. Bxf7+ Kh8 24. Bxe8 Rxe8 25. Qf3 Be7 26. Rxa6 Rf8 27. Qg4 Qd2 28. Qe6 Bg5 29. Qxd6 Qe2 30. Qe6 Qd3 31. Rd6 Qc2 32. Rd5 Nf4 33. Qd6 Ne2+ 34. Kh1 Ng3+ 35. Qxg3 Bf4 36. Qg4 h5 0-1


[Site "https://www.chess.com"]

[Event "Titled Tuesday Blitz June 6 Late 2023"]
[White "The_Sherman_Variation"]
[Black "Araujo Filho, Luiz Antonio Coel"]
[BlackFideId "2130661"]
[WhiteElo "2473"]
[BlackElo "2056"]
[Result "1-0"]
[Round "2"]
[TimeControl "180+2"]
[Date "2023.06.07"]
[WhiteClock "0:00:10"]
[BlackClock "0:00:05"]
[Board "167"]

1. h4 d5 2. a4 e5 3. g3 Be6 4. Bg2 Nc6 5. b3 Qd7 6. Bb2 Nf6 7. d3 Be7 8. Nd2 O-O-O 9. c4 d4 10. Ba3 Rhe8 11. Qb1 Nb4 12. Nh3 h6 13. f3 Nh5 14. Kf2 f5 15. Nf1 e4 16. dxe4 fxe4 17. Qxe4 Bf5 18. Qe5 Bd6 19. Qa5 Nc6 20. Qd5 Nf6 21. Bxd6 Nxd5 22. cxd5 Qxd6 23. dxc6 Qxc6 24. g4 Rxe2+ 25. Kxe2 Qc2+ 26. Nd2 Re8+ 27. Kf2 Qxd2+ 28. Kg3 Bc2 29. b4 g5 30. hxg5 hxg5 31. Rhc1 Re2 32. Bf1 Rh2 33. Re1 Bd3 34. Rad1 Rxh3+ 35. Kxh3 Qf4 36. Rxd3 1-0


[Site "https://www.chess.com"]

[Event "Titled Tuesday Blitz June 6 Late 2023"]
[White "campochess"]
[Black "Barria Santos, Jose Guilherme"]
[BlackFideId "1939300"]
[WhiteElo "2155"]
[BlackElo "2266"]
[Result "1/2-1/2"]
[Round "2"]
[TimeControl "180+2"]
[Date "2023.06.07"]
[WhiteClock "0:00:28"]
[BlackClock "0:00:09"]
[Board "168"]

1. d4 Nf6 2. Bg5 d5 3. Nd2 c5 4. e3 Nc6 5. c3 e6 6. Bd3 Be7 7. Ngf3 O-O 8. O-O b6 9. Bh4 Bb7 10. Bg3 Bd6 11. Ne5 Qc7 12. f4 Ne7 13. Bh4 Ne4 14. Bxe7 Qxe7 15. Nxe4 dxe4 16. Bc2 Rad8 17. Qh5 f6 18. Nc4 Bc7 19. a4 g6 20. Qh4 Ba6 21. b3 Bb7 22. Rf2 Qf7 23. Nd2 f5 24. g4 cxd4 25. cxd4 Bd5 26. gxf5 exf5 27. Rb1 a6 28. Nc4 b5 29. axb5 axb5 30. Ne5 Qe6 31. Bd1 Ra8 32. Rc2 Bd6 33. Rg2 Ra7 34. Qg5 Rc8 35. Bh5 Rg7 36. Be2 b4 37. Bc4 Bxe5 38. fxe5 Bxc4 39. bxc4 Qxc4 40. Rgb2 Rb8 41. Qf6 Qc3 42. Rb3 Qc4 43. Qd6 Rgb7 44. d5 Rb5 45. Qe6+ Kg7 46. Qf6+ Kh6 47. Qh4+ Kg7 48. Qf6+ Kg8 49. e6 Qxd5 50. Qf7+ Kh8 51. Qf6+ Kg8 52. Qf7+ Kh8 53. Qf6+ Kg8 1/2-1/2


[Site "https://www.chess.com"]

[Event "Titled Tuesday Blitz June 6 Late 2023"]
[White "Srdanovic, Jovana"]
[Black "Lopez Perdomo, Juan David"]
[WhiteFideId "954810"]
[BlackFideId "4405137"]
[WhiteElo "2155"]
[BlackElo "1965"]
[Result "1/2-1/2"]
[Round "2"]
[TimeControl "180+2"]
[Date "2023.06.07"]
[WhiteClock "0:00:01"]
[BlackClock "0:00:05"]
[Board "169"]

1. d4 c5 2. d5 e6 3. c4 exd5 4. cxd5 d6 5. Nc3 Nf6 6. Nf3 g6 7. Bf4 Bg7 8. e3 Na6 9. h3 Nc7 10. a4 b6 11. Be2 a6 12. O-O Qe7 13. Qb3 Rb8 14. Rad1 Bd7 15. a5 b5 16. Na4 c4 17. Qb4 Nfxd5 18. Qxd6 bxa4 19. Rxd5 Qxd6 20. Rxd6 Rxb2 21. Bxc4 Nb5 22. Rxa6 O-O 23. Rb6 a3 24. Ne5 Be8 25. Nd3 Nc3 26. Nxb2 axb2 27. Rxb2 Nd5 28. Rb8 Nxf4 29. exf4 Bc6 30. Rfb1 Bd4 31. a6 Kg7 32. Rxf8 Kxf8 33. Rb8+ Kg7 34. Rc8 Be4 35. Rc7 Bb6 36. Rxf7+ Kh6 37. a7 Bd5 38. Bxd5 Bxa7 39. Rxa7 g5 40. fxg5+ Kg6 41. Be4+ Kxg5 42. Bxh7 Kf4 43. h4 Kg4 44. Ra4+ Kh5 1/2-1/2


[Site "https://www.chess.com"]

[Event "Titled Tuesday Blitz June 6 Late 2023"]
[White "Seletsky, Grigory"]
[Black "Tarnowska, Aleksandra"]
[WhiteFideId "14112191"]
[BlackFideId "1180967"]
[WhiteElo "2491"]
[BlackElo "1776"]
[Result "1-0"]
[Round "2"]
[TimeControl "180+2"]
[Date "2023.06.07"]
[WhiteClock "0:00:53"]
[BlackClock "0:00:02"]
[Board "170"]

1. e4 c5 2. Nc3 g6 3. d3 Bg7 4. Be3 d6 5. Qd2 Nc6 6. h4 h5 7. Nh3 Nf6 8. Be2 Ng4 9. Bg5 Nd4 10. Bd1 Bd7 11. f3 Ne5 12. Nf2 c4 13. Nd5 cxd3 14. Bxe7 Qc8 15. cxd3 Bc6 16. Bxd6 Bxd5 17. exd5 Qf5 18. O-O Kd7 19. Ba3 Rhd8 20. Qb4 Ke8 21. Qe7# 1-0


[Site "https://www.chess.com"]

[Event "Titled Tuesday Blitz June 6 Late 2023"]
[White "KorolDimitriy75"]
[Black "Winkels, Marcel"]
[BlackFideId "1003887"]
[WhiteElo "2461"]
[BlackElo "1900"]
[Result "1-0"]
[Round "2"]
[TimeControl "180+2"]
[Date "2023.06.07"]
[WhiteClock "0:00:06"]
[BlackClock "0:00:01"]
[Board "171"]

1. d4 Nf6 2. c4 g6 3. Nc3 Bg7 4. e4 d6 5. Nf3 O-O 6. Be2 Na6 7. O-O e5 8. Re1 Qe7 9. Bf1 c6 10. Rb1 Nh5 11. b4 f5 12. b5 Nc7 13. bxc6 b6 14. Ba3 f4 15. dxe5 Bxe5 16. Nxe5 Qxe5 17. Qxd6 Qxd6 18. Bxd6 Rf7 19. Nd5 Ne6 20. e5 f3 21. g3 Nd4 22. Bd3 Ne2+ 23. Bxe2 fxe2 24. Rxe2 Bg4 25. Re3 Re8 26. Rbe1 Be6 27. Nc7 Rxc7 28. Bxc7 Bxc4 29. Bd6 Be6 30. c7 Ng7 31. f4 Nf5 32. Rc3 Nd4 33. Kf2 Bd5 34. Rd1 Nb5 35. Rb3 1-0


[Site "https://www.chess.com"]

[Event "Titled Tuesday Blitz June 6 Late 2023"]
[White "Miller, Ike S"]
[Black "Lima, Kleyton Alcantara"]
[WhiteFideId "2022532"]
[BlackFideId "22718397"]
[WhiteElo "2129"]
[BlackElo "2009"]
[Result "1/2-1/2"]
[Round "2"]
[TimeControl "180+2"]
[Date "2023.06.07"]
[WhiteClock "0:00:12"]
[BlackClock "0:00:07"]
[Board "172"]

1. d4 Nf6 2. c4 e6 3. Nc3 Bb4 4. Qc2 d5 5. a3 Bxc3+ 6. Qxc3 O-O 7. Nf3 dxc4 8. Qxc4 b6 9. h4 Ba6 10. Qa4 c5 11. Bg5 h6 12. Bf4 Bb7 13. Rd1 Qd7 14. Qxd7 Nbxd7 15. e3 Bxf3 16. gxf3 cxd4 17. exd4 Nd5 18. Be5 Rac8 19. Bb5 N7f6 20. Kd2 Rfd8 21. Ba6 Rc6 22. Bb5 Rcc8 23. Ba6 Nd7 24. Bxc8 Rxc8 25. Rc1 Rd8 26. Bc7 Re8 27. Rc6 f6 28. Rhc1 Kf7 29. h5 Ke7 30. Bd6+ Kf7 31. Bc7 f5 32. Be5 Rd8 33. f4 Rg8 34. Ke2 g6 35. hxg6+ Rxg6 36. Rh1 N7f6 37. Bxf6 Kxf6 38. Kf3 Kg7 39. Rc8 Rg4 40. Ra8 Rxf4+ 41. Kg2 Rxd4 42. Rxa7+ Kg6 43. Re1 Kf6 44. b4 Rd3 45. Ra6 e5 46. Rb1 e4 47. a4 Rd2 48. a5 e3 49. Rxb6+ Nxb6 50. axb6 Rxf2+ 51. Kg1 Rd2 52. b7 Rd8 53. Kf1 Rb8 54. Ke2 Ke5 55. Kxe3 Rxb7 56. Kd3 f4 57. Kc4 Ke4 58. Rh1 f3 59. Rxh6 Ke3 60. Re6+ Kd2 61. Rf6 Ke2 62. b5 f2 63. Kc5 f1=Q 64. Rxf1 Kxf1 65. Kc6 Rg7 66. b6 Ke2 67. b7 Rxb7 68. Kxb7 1/2-1/2


[Site "https://www.chess.com"]

[Event "Titled Tuesday Blitz June 6 Late 2023"]
[White "Van Dael, Siem"]
[Black "Hartikainen, Jarmo"]
[WhiteFideId "1049771"]
[BlackFideId "503134"]
[WhiteElo "2336"]
[BlackElo "2119"]
[Result "1-0"]
[Round "2"]
[TimeControl "180+2"]
[Date "2023.06.07"]
[WhiteClock "0:01:34"]
[BlackClock "0:00:15"]
[Board "173"]

1. e4 c5 2. Nf3 Nc6 3. d4 cxd4 4. Nxd4 Nf6 5. Nc3 d6 6. Nd5 e6 7. Nxf6+ Qxf6 8. Nb5 Qd8 9. c4 a6 10. Nc3 Be7 11. Be3 O-O 12. Qd2 Qc7 13. Rc1 Bd7 14. Be2 b6 15. O-O Rfd8 16. a3 Bf6 17. f3 Be8 18. Nd5 exd5 19. cxd5 Qb7 20. dxc6 Bxc6 21. Bd4 Bxd4+ 22. Qxd4 d5 23. e5 b5 24. f4 Bd7 25. Bf3 Be6 26. Rc5 Qa7 27. Rfc1 g6 28. Kh1 h5 29. Qd3 Kh7 30. Bxh5 Bf5 31. Qd1 gxh5 32. Qxh5+ Kg7 33. Qxf5 d4 34. Rc7 Qb6 35. Rxf7+ 1-0


[Site "https://www.chess.com"]

[Event "Titled Tuesday Blitz June 6 Late 2023"]
[White "Luong Phuong Hanh"]
[Black "Kornyukov, Alexey"]
[WhiteFideId "12401013"]
[BlackFideId "4150457"]
[WhiteElo "2081"]
[BlackElo "2352"]
[Result "0-1"]
[Round "2"]
[TimeControl "180+2"]
[Date "2023.06.07"]
[WhiteClock "0:01:27"]
[BlackClock "0:00:25"]
[Board "174"]

1. d4 d5 2. c4 e6 3. Nf3 c6 4. Qc2 dxc4 5. Qxc4 b5 6. Qd3 Bb7 7. g3 a6 8. Bg2 c5 9. dxc5 Qxd3 10. exd3 Bxc5 11. O-O Nf6 12. d4 Bb6 13. Nc3 O-O 14. Bg5 Nbd7 15. Rad1 h6 16. Bf4 Rfd8 17. Bd6 Rac8 18. Ne5 Bxg2 19. Kxg2 Nb8 20. Be7 Rxd4 21. Bxf6 gxf6 22. Nf3 Rxd1 23. Rxd1 Rd8 24. Re1 Nc6 25. Ne4 Kg7 26. Rc1 Ne7 27. Rc2 f5 28. Ned2 Kf6 29. Nf1 Rc8 30. Re2 Nd5 31. Ne5 Bd4 32. Nd3 e5 33. Ne1 e4 34. Nd2 Rc1 35. Nb3 Rd1 36. Nc2 Bxb2 37. Nc5 Nc3 38. Re3 Rd2 39. Nb4 Nd1 40. Rxe4 Rxf2+ 41. Kg1 fxe4 42. Nxe4+ Ke6 43. Nxf2 Bd4 44. Nd3 Nxf2 45. Nxf2 Kd5 46. Kg2 Bxf2 47. Kxf2 Kc4 48. Ke3 Kc3 49. Kf4 b4 50. g4 a5 51. h4 a4 52. h5 b3 53. g5 hxg5+ 54. Kxg5 b2 55. h6 b1=Q 0-1


[Site "https://www.chess.com"]

[Event "Titled Tuesday Blitz June 6 Late 2023"]
[White "Levine, David"]
[Black "Eidelman, Gabriel"]
[WhiteFideId "2011611"]
[BlackFideId "30910544"]
[WhiteElo "2101"]
[BlackElo "2451"]
[Result "0-1"]
[Round "2"]
[TimeControl "180+2"]
[Date "2023.06.07"]
[WhiteClock "0:00:07"]
[BlackClock "0:00:33"]
[Board "175"]

1. d4 Nf6 2. c4 d6 3. Nf3 Nbd7 4. g3 e5 5. Nc3 Be7 6. Bg2 O-O 7. O-O c6 8. Rb1 Re8 9. e4 Bf8 10. Re1 a6 11. b4 b5 12. c5 Qc7 13. dxe5 Nxe5 14. Nxe5 dxe5 15. Bg5 Be7 16. a4 Be6 17. Qc2 Red8 18. Red1 Rxd1+ 19. Rxd1 Rd8 20. axb5 axb5 21. Bf1 Bg4 22. Ra1 Bf3 23. Bg2 Bxg2 24. Kxg2 h6 25. Bxf6 Bxf6 26. Ra6 Rd4 27. Qb3 Qd7 0-1


[Site "https://www.chess.com"]

[Event "Titled Tuesday Blitz June 6 Late 2023"]
[White "Alexikov, Alexander"]
[Black "Tsukerman, Julia"]
[WhiteFideId "14103958"]
[BlackFideId "2621649"]
[WhiteElo "2186"]
[BlackElo "1667"]
[Result "1-0"]
[Round "2"]
[TimeControl "180+2"]
[Date "2023.06.07"]
[WhiteClock "0:01:53"]
[BlackClock "0:01:39"]
[Board "176"]

1. e4 c5 2. Nf3 d6 3. d4 cxd4 4. Nxd4 Nf6 5. Nc3 a6 6. Be2 e5 7. Nb3 Be6 8. O-O d5 9. exd5 Nxd5 10. Ne4 Qc7 11. Ng5 Nf4 12. Bxf4 exf4 13. Nxe6 fxe6 14. Re1 Bd6 15. Bh5+ g6 16. Rxe6+ Kf7 17. Rxd6 gxh5 18. Qxh5+ Ke7 19. Qe5+ Kf7 20. Rf6+ Kg8 21. Qxc7 1-0


[Site "https://www.chess.com"]

[Event "Titled Tuesday Blitz June 6 Late 2023"]
[White "Wizard_of_Odds"]
[Black "Ricaurte Lopez, Juan Carlos"]
[BlackFideId "3600327"]
[WhiteElo "2447"]
[BlackElo "2200"]
[Result "0-1"]
[Round "2"]
[TimeControl "180+2"]
[Date "2023.06.07"]
[WhiteClock "0:00:01"]
[BlackClock "0:00:14"]
[Board "177"]

1. c4 e5 2. g3 Nf6 3. Bg2 c6 4. Nc3 d5 5. cxd5 cxd5 6. d4 exd4 7. Qxd4 Nc6 8. Qa4 Bb4 9. Bd2 O-O 10. Rd1 Be6 11. Nf3 Qa5 12. Qxa5 Bxa5 13. a3 h6 14. e3 Rfd8 15. Nb5 Bxd2+ 16. Rxd2 Ne4 17. Rd1 Na5 18. Nfd4 Nc4 19. b3 Nb6 20. f3 Nd6 21. Nc7 Rac8 22. Ncxe6 fxe6 23. Bh3 Rc3 24. Kf2 e5 25. Be6+ Kh8 26. Ne2 Rxb3 27. Bxd5 Rxa3 28. Be6 Ra6 29. Ra1 Ndc4 30. Rxa6 bxa6 31. Rc1 Nb2 32. Ra1 Nd3+ 33. Kg2 Nc5 34. Bf5 Rf8 35. e4 Nc4 36. Nc3 Ne3+ 37. Kh3 Nxf5 38. exf5 Rxf5 39. Ra5 Nd3 40. Ne4 g5 41. Rxa6 Rxf3 42. Rxa7 Re3 43. Ra4 Rxe4 44. Rxe4 Nf2+ 45. Kg2 Nxe4 46. Kf3 Nf6 47. h4 e4+ 48. Ke3 gxh4 49. gxh4 Kg7 50. Kf4 Kg6 51. h5+ Kxh5 52. Kg3 Kg5 53. Kh3 Kf4 54. Kg2 Ke3 55. Kf1 Kd2 56. Kg2 e3 57. Kg3 e2 58. Kh2 e1=Q 59. Kg2 Qh4 60. Kf3 Qg4+ 61. Kf2 Qf4+ 62. Kg2 Qe3 63. Kh2 Qf3 64. Kg1 Qe2 65. Kh1 Ng4 66. Kg1 Qf2+ 67. Kh1 Qf1# 0-1


[Site "https://www.chess.com"]

[Event "Titled Tuesday Blitz June 6 Late 2023"]
[White "dorpato"]
[Black "Balla, Tamas-Kristof"]
[BlackFideId "1208497"]
[WhiteElo "2059"]
[BlackElo "2334"]
[Result "1-0"]
[Round "2"]
[TimeControl "180+2"]
[Date "2023.06.07"]
[WhiteClock "0:00:58"]
[BlackClock "0:00:35"]
[Board "178"]

1. e4 c5 2. Nc3 Nc6 3. g3 g6 4. Bg2 Bg7 5. d3 d6 6. Be3 e6 7. Qd2 Nf6 8. h3 O-O 9. Bh6 Rb8 10. Bxg7 Kxg7 11. f4 b5 12. Nf3 b4 13. Ne2 d5 14. e5 Nd7 15. O-O f6 16. d4 cxd4 17. Nexd4 Nxd4 18. Qxd4 Ba6 19. Rfe1 Qc7 20. exf6+ Rxf6 21. Rxe6 Bb7 22. Re7+ Kh6 23. Rxd7 Qxd7 24. Qxf6 Rc8 25. Ne5 1-0


[Site "https://www.chess.com"]

[Event "Titled Tuesday Blitz June 6 Late 2023"]
[White "NtcPou"]
[Black "Roienko, Artur"]
[BlackFideId "14136732"]
[WhiteElo "2055"]
[BlackElo "2062"]
[Result "0-1"]
[Round "2"]
[TimeControl "180+2"]
[Date "2023.06.07"]
[WhiteClock "0:00:01"]
[BlackClock "0:00:11"]
[Board "179"]

1. e4 e6 2. d4 d5 3. Nd2 Nc6 4. Ngf3 Nf6 5. e5 Nd7 6. Bb5 Be7 7. O-O O-O 8. Re1 a6 9. Ba4 Nb6 10. Bb3 Na5 11. Nf1 c5 12. c3 cxd4 13. cxd4 Nxb3 14. Qxb3 Bd7 15. Bd2 Ba4 16. Qd3 Nc4 17. b3 Nxd2 18. N1xd2 Bb5 19. Qe3 Rc8 20. Rac1 Ba3 21. Rxc8 Qxc8 22. Nb1 Be7 23. Rc1 Qd7 24. Qc3 Bc6 25. a3 Rc8 26. b4 b5 27. Nbd2 Bb7 28. Qb2 Rxc1+ 29. Qxc1 Qc6 30. Qxc6 Bxc6 31. Nb3 Bd8 32. Ne1 f6 33. f4 fxe5 34. fxe5 Bb7 35. Nc5 Bc8 36. Ned3 Bg5 37. Kf2 Kf7 38. Kf3 Bd2 39. Ke2 Bc3 40. Ke3 a5 41. bxa5 Bxa5 42. Nc1 b4 43. axb4 Bxb4 44. N1b3 h6 45. g4 Ke7 46. Kf4 Bd7 47. g5 Bb5 48. gxh6 gxh6 49. Kg4 Be8 50. h3 Bc3 51. Kf3 Bh5+ 52. Kf4 Be1 53. Nb7 Bh4 54. Nd6 Bf2 55. Nb5 Bd1 56. Nd2 Ba4 57. Nc3 Bc2 58. Nf3 Bf5 59. Nb5 Bxh3 60. Nd6 Bg2 61. Nb5 Bf1 62. Nd6 Be2 63. Kg4 Bxd4 64. Kf4 Bxf3 65. Kxf3 Bxe5 66. Nb5 Kf6 0-1


[Site "https://www.chess.com"]

[Event "Titled Tuesday Blitz June 6 Late 2023"]
[White "Kashtanov, Ruslan"]
[Black "Eisa Mohmood, Alkhoori"]
[WhiteFideId "4124871"]
[BlackFideId "9316116"]
[WhiteElo "2263"]
[BlackElo "1364"]
[Result "0-1"]
[Round "2"]
[TimeControl "180+2"]
[Date "2023.06.07"]
[WhiteClock "0:00:02"]
[BlackClock "0:01:34"]
[Board "180"]

1. e4 c5 2. Nc3 Nc6 3. Nf3 g6 4. d4 cxd4 5. Nxd4 Bg7 6. Be3 d6 7. Bc4 Nf6 8. f3 O-O 9. Qd2 Bd7 10. O-O-O Rb8 11. g4 b5 12. Nxc6 Bxc6 13. Be2 b4 14. Nd5 Bxd5 15. exd5 Qa5 16. Kb1 Nd7 17. h4 Bc3 18. Qc1 Nc5 19. Bd4 Na4 20. bxc3 Nxc3+ 21. Bxc3 bxc3+ 22. Ka1 Rb2 23. Bc4 Rfb8 24. Qf4 Qa3 25. Qc1 R8b4 0-1


[Site "https://www.chess.com"]

[Event "Titled Tuesday Blitz June 6 Late 2023"]
[White "Dmitriev, Sergey"]
[Black "Jovic, Stanoje"]
[WhiteFideId "14101785"]
[BlackFideId "905020"]
[WhiteElo "2132"]
[BlackElo "2236"]
[Result "0-1"]
[Round "2"]
[TimeControl "180+2"]
[Date "2023.06.07"]
[WhiteClock "0:01:17"]
[BlackClock "0:01:27"]
[Board "181"]

1. d4 Nf6 2. Bf4 d5 3. Nf3 e6 4. e3 Bd6 5. Bg3 O-O 6. Nbd2 b6 7. c3 c5 8. Bd3 Ba6 9. Bxa6 Nxa6 10. O-O Re8 11. h3 Nc7 12. Bxd6 Qxd6 13. Ne5 Nd7 14. Ndf3 f6 15. Nxd7 Qxd7 16. Re1 e5 17. e4 exd4 18. cxd4 dxe4 19. Nd2 Qxd4 20. Qb3+ Kf8 21. Rad1 Qd3 22. Qa4 e3 23. fxe3 Rxe3 24. Rxe3 Qxe3+ 25. Kh1 Rd8 26. Nf3 Rxd1+ 27. Qxd1 Qe7 28. Qa4 Nd5 29. Qe4 Qxe4 0-1


[Site "https://www.chess.com"]

[Event "Titled Tuesday Blitz June 6 Late 2023"]
[White "Garcia Cuenca, Victor"]
[Black "Castillo Pena, Patricia Evarista"]
[WhiteFideId "2250829"]
[BlackFideId "6412106"]
[WhiteElo "2329"]
[BlackElo "1859"]
[Result "1-0"]
[Round "2"]
[TimeControl "180+2"]
[Date "2023.06.07"]
[WhiteClock "0:00:28"]
[BlackClock "0:00:01"]
[Board "182"]

1. Nf3 Nf6 2. g3 d5 3. Bg2 c6 4. O-O e6 5. d3 Nbd7 6. Nbd2 Be7 7. e4 dxe4 8. dxe4 O-O 9. a3 a5 10. e5 Nd5 11. c4 N5b6 12. Qe2 Qc7 13. Re1 Nc5 14. Ne4 Nb3 15. Rb1 Nxc1 16. Rbxc1 Nd7 17. Nc3 Rb8 18. h4 b6 19. h5 h6 20. Nh2 Bb7 21. Ng4 Rfd8 22. Red1 Nf8 23. Kh2 Rxd1 24. Rxd1 Rd8 25. Rd2 Rxd2 26. Qxd2 Qd8 27. Qxd8 Bxd8 28. f4 Nd7 29. b4 axb4 30. axb4 Be7 31. b5 Nc5 32. bxc6 Bc8 33. Nb5 Kf8 34. Nd6 Ba6 35. c7 Bxd6 36. exd6 Ke8 37. Ne5 Bb7 38. Bxb7 1-0


[Site "https://www.chess.com"]